 Dungeon Crawl Stone Soup version 0.22-a0-271-gc000056 (webtiles) character file.

1014 RoseArtemis the Slasher (level 8, 0/70 HPs)
             Began as a Minotaur Berserker on Mar 11, 2018.
             Was an Elder of Trog.
             Slain by an ogre
             ... wielding a +0 giant club
              (22 damage)
             ... on level 5 of the Dungeon.
             The game lasted 00:10:55 (4027 turns).

RoseArtemis the Slasher (Minotaur Berserker)        Turns: 4027, Time: 00:10:55

Health: 0/70       AC: 11    Str: 22    XL:     8   Next: 1%
Magic:  7/7        EV:  4    Int:  5    God:    Trog [****..]
Gold:   172        SH: 14    Dex: 11    Spells: 7/7 levels left

rFire    . . .     SeeInvis .   a - +0 falchion
rCold    . . .     Gourm    .   b - +0 large shield
rNeg     . . .     Faith    .   e - +0 chain mail
rPois    .         Spirit   .   (helmet restricted)
rElec    .         Reflect  .   (no cloak)
rCorr    .         Harm     .   (no gloves)
MR       .....                  t - +0 pair of boots
Stlth    ..........             (no amulet)
HPRegen  0.21/turn              (no ring)
MPRegen  0.10/turn              (no ring)

@: no status effects
A: retaliatory headbutt, horns 2
a: Berserk, Trog's Hand, Brothers in Arms, Renounce Religion


You were on level 5 of the Dungeon.
You worshipped Trog.
Trog was greatly pleased with you.
You were not hungry.

You visited 1 branch of the dungeon, and saw 5 of its levels.

You collected 172 gold pieces.

Inventory:

Hand Weapons
 a - a +0 falchion (weapon)
Armour
 b - a +0 large shield (worn)
 d - a +0 pair of gloves of strength
 e - a +0 chain mail (worn)
 t - a +0 pair of boots (worn)
Wands
 w - a wand of random effects (15)
Scrolls
 f - a scroll of immolation {unknown}
 i - 2 scrolls of amnesia {unknown}
 k - a scroll of enchant armour {unknown}
 m - a scroll of fog {unknown}
 n - a scroll of teleportation {unknown}
 p - 4 scrolls of identify {unknown}
 q - a scroll of remove curse {unknown}
 r - a scroll of random uselessness {unknown}
 y - a scroll of blinking {unknown}
 A - a scroll of enchant weapon {unknown}
Potions
 g - a potion of lignification {unknown}
 h - 2 potions of curing {unknown}
 j - 2 potions of mutation {unknown}
 l - 2 potions of heal wounds {unknown}
 o - 2 potions of brilliance {unknown}
 s - 2 potions of might {unknown}
 u - 2 potions of haste {unknown}
 x - a potion of degeneration {unknown}
 z - a potion of ambrosia {unknown}
Comestibles
 c - 6 rations
 v - a chunk of flesh


   Skills:
 + Level 6.0 Fighting
 * Level 7.9 Long Blades
 + Level 5.5 Armour
 - Level 2.1 Dodging
 + Level 4.6 Shields


You had 7 spell levels left.
You didn't know any spells.

Dungeon Overview and Level Annotations

Branches:
Dungeon (5/15)
 Temple: D:4-7

Altars:
Ashenzari
Dithmenos
Fedhas
Gozag

Shops:
D:4 :


Innate Abilities, Weirdness & Mutations

You reflexively headbutt those who attack you in melee.
You have a pair of horns on your head.


Message History

The ogre is moderately wounded.
The ogre hits you with a giant club!!
You slash the ogre!
The ogre is severely wounded.
You block the ogre's attack.
You hit the ogre.
The ogre is almost dead.
You closely miss the ogre. Your headbutt misses the ogre.
The ogre is almost dead.
The ogre hits you with a giant club!
You are too injured to fight recklessly!
You are too injured to fight recklessly!
You are too injured to fight recklessly!
The ogre hits you with a giant club!
* * * LOW HITPOINT WARNING * * *
There is a stone staircase leading up here.
You hit the ogre but do no damage.
The ogre is almost dead.
The ogre hits you with a giant club!!
You die...

...###+###########
...................
...................
...................
...................
..................
.......†.......#
....#####.5....# #
#.O@...# #......#
#..........
#..........
#......)...
+..........
#......####
#......#


You could see an ogre and a crimson imp.

Vanquished Creatures
  The ghost of Zwobot the Skirmisher, a novice BaHu of Dithmenos (D:4)
  The ghost of matakusis the Caller, an amateur DESu (D:3)
  A phantom (D:4)
  A howler monkey (D:5)
  2 centaur skeletons (D:4)
  Natasha (thrice) (D:4)
  An orc wizard (D:4)
  A worker ant (D:4)
  4 gnolls (D:3)
  11 adders
  4 oozes
  3 worms (D:3)
  3 dart slugs
  6 leopard geckos
  10 orcs
  7 giant cockroaches
  9 goblins
  8 hobgoblins
  13 jackals
  9 kobolds
  2 quokkas
  A ball python (D:1)
  7 bats
  7 frilled lizards
  A quokka skeleton (D:4)
  6 rats
122 creatures vanquished.

Notes
Turn   | Place    | Note
-------+----------+-------------------------------------------
     0 | D:1      | RoseArtemis the Minotaur Berserker began the quest for the Orb.
     0 | D:1      | Reached XP level 1. HP: 19/19 MP: 0/0
   107 | D:1      | Reached skill level 4 in Long Blades
   107 | D:1      | Reached XP level 2. HP: 27/27 MP: 1/1
   323 | D:1      | Reached skill level 1 in Shields
   332 | D:1      | Reached ** piety under Trog
   385 | D:1      | Reached XP level 3. HP: 33/33 MP: 2/2
  1196 | D:2      | Reached XP level 4. HP: 39/40 MP: 3/3
  1470 | D:3      | Found a blossoming altar of Fedhas.
  1477 | D:3      | Reached *** piety under Trog
  1668 | D:3      | Reached skill level 5 in Long Blades
  1694 | D:3      | Reached XP level 5. HP: 31/47 MP: 4/4
  1911 | D:3      | Noticed matakusis's ghost (amateur DESu)
  1920 | D:3      | Killed matakusis's ghost
  1920 | D:3      | Reached XP level 6. HP: 50/55 MP: 5/5
  2140 | D:3      | Reached skill level 6 in Long Blades
  2327 | D:3      | Found an opulent altar of Gozag.
  2823 | D:4      | Reached skill level 5 in Fighting
  2963 | D:4      | Found a shadowy altar of Dithmenos.
  3101 | D:4      | Found Homut's Book Boutique.
  3153 | D:4      | Reached XP level 7. HP: 55/61 MP: 6/6
  3305 | D:4      | Reached **** piety under Trog
  3438 | D:4      | Noticed Zwobot's ghost (novice BaHu)
  3455 | D:4      | Noticed Natasha
  3503 | D:4      | Killed Zwobot's ghost
  3503 | D:4      | Reached skill level 7 in Long Blades
  3503 | D:4      | Reached skill level 5 in Armour
  3506 | D:4      | Killed Natasha
  3715 | D:4      | Noticed Natasha
  3737 | D:4      | Killed Natasha
  3841 | D:4      | Noticed Natasha
  3846 | D:4      | Killed Natasha
  3899 | D:4      | Found a shattered altar of Ashenzari.
  3995 | D:5      | Entered Level 5 of the Dungeon
  4008 | D:5      | Reached XP level 8. HP: 67/70 MP: 7/7
  4027 | D:5      | Slain by an ogre

Vault maps used:
D:1:      dpeg_arrival_orchard, minmay_pentomino_s4
D:2:      first_ration
D:3:      fedhas_altar_2, grunt_gozag_statues, minmay_misc_feat_alley,
          grunt_decor_resistance
D:4:      grunt_dithmenos_shadows, ashenzari_altar_1, serial_shops,
          nicolae_shop_crystal, minmay_statues_item, minmay_splitting_lines,
          uniq_natasha
D:5:      okawaru_trees_1, serial_shops, nicolae_shop_stone

Skill      XL: |  1  2  3  4  5  6  7 |
---------------+----------------------+-----
Long Blades    | 4 5 6 7 |  7.9
Shields        | 1 2 3 4 |  4.6
Fighting       | 4 5 6 |  6.0
Armour         | 3 4 5 |  5.5
Dodging        | |  2.1

Action                   |  1- 3 |  4- 6 |  7- 9 || total
-------------------------+-------+-------+-------++-------
Melee: Falchion          |   112 |   200 |   119 ||   431
       Headbutt          |    12 |    48 |    15 ||    75
Invok: Berserk           |       |       |     1 ||     1
  Eat: Chunk             |     1 |     7 |     3 ||    11
Armor: Chain mail        |    57 |    77 |    40 ||   174
Dodge: Dodged            |    38 |    43 |    12 ||    93
Block: Large shield      |       |    79 |    62 ||   141
       Rpst.: Falchion   |    12 |    11 |     8 ||    31

Table legend:
 A = Spawn XP
 B = Non-spawn XP
 C = Spawn XP percentage of total XP
 D = Spawn monster count
 E = Non-spawn monster count
 F = Spawn count percentage of total count
 G = Total turns spent on level
                    A         B        C        D         E        F      G
               +---------+---------+-------+---------+---------+-------+---------
         Total |       0 |    1449 |   0.0 |       0 |     122 |   0.0 |  4027
               +---------+---------+-------+---------+---------+-------+---------
           D:1 |       0 |      48 |   0.0 |       0 |      29 |   0.0 |   751
           D:2 |       0 |      70 |   0.0 |       0 |      30 |   0.0 |   719
           D:3 |       0 |     364 |   0.0 |       0 |      35 |   0.0 |  1297
           D:4 |       0 |     913 |   0.0 |       0 |      27 |   0.0 |  1228
           D:5 |       0 |      54 |   0.0 |       0 |       1 |   0.0 |    32
               +---------+---------+-------+---------+---------+-------+---------
